Map: Newkirk Precinct TE (Void)

Players

Zest - Winner!

  • Race: Protoss Protoss
  • Spawn Location: 5:00

Trust

  • Race: Protoss Protoss
  • Spawn Location: 7:00

Event: IEM Season 11 - Gyeonggi

VOD

Have the link to the VOD?

Description

Time

  • Played on: Dec. 13, 2016, 11:44 p.m.
  • Length: 12:08

All games in this series

Show
View Real Time Build Order
Export as new Build Order

Zest Protoss - Winner!

Build Orders:  

Get SALT Encoding   

  12  0:00  Probe (Chrono Boost)  
  13  0:11  Probe (Chrono Boost)  
  14  0:17  Pylon  
  14  0:22  Probe (Chrono Boost)  
  16  0:35  Probe (Chrono Boost)  
  16  0:36  Gateway  
  16  0:41  Assimilator  
  16  0:46  Probe (Chrono Boost)  
  17  0:56  Probe (Chrono Boost)  
  18  0:58  Assimilator  
  18  1:04  Gateway  
  18  1:07  Probe (Chrono Boost)  
  19  1:18  Probe (Chrono Boost)  
  20  1:24  Cybernetics Core  
  20  1:29  Probe (Chrono Boost)  
  20  1:32  Pylon  
  21  1:39  Probe (Chrono Boost)  
  22  1:50  Probe (Chrono Boost)  
  23  2:00  Adept x2  
  23  2:01  Mothership Core (Chrono Boost)  
  29  2:04  Warp Gate (Chrono Boost)  
  29  2:11  Pylon  
  29  2:27  Stalker  
  29  2:29  Stalker  
  33  2:57  Nexus  
  33  3:14  Sentry x2  
  37  3:23  Robotics Facility  
  37  3:29  Pylon  
  37  3:30  Probe  
  38  3:42  Probe (Chrono Boost)  
  39  3:54  Stalker x2, Probe (Chrono Boost)  
  42  4:04  Probe (Chrono Boost)  
  43  4:11  Probe (Chrono Boost)  
  43  4:15  Probe (Chrono Boost)  
  43  4:16  Warp Prism  
  47  4:22  Probe (Chrono Boost)  
  44  4:25  Probe (Chrono Boost)  
  44  4:32  Probe (Chrono Boost)  
  44  4:36  Probe (Chrono Boost)  
  46  4:40  Stalker x2  
  46  4:45  Pylon  
  50  4:46  Probe (Chrono Boost)  
  50  4:48  Probe (Chrono Boost)  
  50  4:52  Observer  
  53  4:57  Probe (Chrono Boost)  
  53  4:58  Probe (Chrono Boost)  
  52  5:07  Probe (Chrono Boost)  
  52  5:09  Twilight Council, Probe (Chrono Boost), Sentry  
  52  5:12  Sentry  
  58  5:18  Probe (Chrono Boost)  
  58  5:19  Probe (Chrono Boost)  
  56  5:28  Probe (Chrono Boost)  
  56  5:30  Probe (Chrono Boost)  
  54  5:39  Probe (Chrono Boost)  
  54  5:40  Probe (Chrono Boost)  
  56  5:44  Sentry  
  56  5:47  Blink  
  56  5:49  Probe (Chrono Boost), Assimilator  
  59  5:51  Probe (Chrono Boost)  
  59  5:56  Assimilator  
  60  6:00  Probe (Chrono Boost)  
  60  6:02  Probe (Chrono Boost)  
  62  6:10  Probe (Chrono Boost)  
  63  6:12  Probe (Chrono Boost)  
  64  6:18  Sentry  
  64  6:19  Gateway  
  64  6:20  Gateway  
  64  6:21  Probe (Chrono Boost)  
  64  6:23  Probe (Chrono Boost)  
  68  6:31  Probe (Chrono Boost)  
  68  6:32  Phoenix  
  63  6:33  Probe (Chrono Boost)  
  63  6:35  Immortal  
  63  6:38  Sentry  
  70  6:41  Pylon  
  70  6:48  Pylon  
  70  6:54  Robotics Bay  
  70  6:55  Forge  
  70  6:59  Probe (Chrono Boost)  
  71  7:07  Gateway x2  
  71  7:17  Immortal (Chrono Boost)  
  71  7:19  Protoss Ground Weapons Level 1 (Chrono Boost)  
  74  7:36  Pylon  
  74  7:47  Nexus  
  77  7:57  Pylon  
  77  7:58  Pylon  
  77  7:59  Stalker x2  
  77  8:01  Stalker  
  77  8:02  Stalker x2  
  87  8:06  Probe x2  
  86  8:14  Colossus (Chrono Boost)  
  86  8:18  Resonating Glaives, Extended Thermal Lance  
  92  8:21  Probe x2  
  94  8:28  Pylon  
  94  8:38  Gateway  
  94  8:39  Gateway  
  95  8:48  Probe x2  
  95  8:51  Adept x3  
  95  8:54  Adept  
  104  9:11  Protoss Ground Weapons Level 2  
  100  9:25  Probe  
  100  9:26  Colossus (Chrono Boost)  
  100  9:27  Probe x2  
  109  9:31  Templar Archives  
  109  9:36  Assimilator  
  109  9:38  Probe  
  109  9:40  Assimilator, Probe x2  
  109  9:43  Adept x5  
  122  9:49  Pylon  
  122  9:51  Pylon  
  122  9:54  Adept x2  
  126  10:13  Colossus (Chrono Boost)  
  132  10:16  High Templar  
  132  10:17  High Templar  
  132  10:18  Adept x2  
  132  10:19  Photon Cannon  
  140  10:22  Archon  
  140  10:27  Pylon  
  140  10:28  Pylon  
  140  10:33  Adept x4  
  148  10:44  Pylon  
  148  10:45  Pylon  
  148  10:58  High Templar x2  
  148  10:59  Warp Prism (Chrono Boost)  
  148  11:04  Archon  
  154  11:05  Stalker x3  
  154  11:06  Stalker x3  
  162  11:30  Adept x7  
  162  11:31  Adept  
  144  11:55  Adept x8  
Show
View Real Time Build Order
Export as new Build Order

Trust Protoss 

Build Orders: Oracle Opening 

Get SALT Encoding   

  12  0:00  Probe (Chrono Boost)  
  13  0:11  Probe (Chrono Boost)  
  14  0:17  Pylon  
  14  0:23  Probe (Chrono Boost)  
  15  0:36  Gateway, Probe (Chrono Boost)  
  15  0:42  Assimilator  
  16  0:47  Probe (Chrono Boost)  
  17  0:57  Probe (Chrono Boost)  
  17  0:58  Assimilator  
  18  1:05  Gateway  
  18  1:08  Probe (Chrono Boost)  
  19  1:18  Probe (Chrono Boost)  
  19  1:24  Cybernetics Core  
  20  1:29  Probe (Chrono Boost)  
  21  1:37  Pylon  
  22  1:40  Probe (Chrono Boost)  
  22  1:50  Probe (Chrono Boost)  
  25  2:01  Mothership Core (Chrono Boost)  
  25  2:02  Warp Gate (Chrono Boost)  
  25  2:06  Stalker  
  27  2:09  Stalker  
  29  2:16  Pylon  
  29  2:35  Stargate  
  29  2:43  Adept x2  
  33  2:49  Probe  
  34  3:04  Probe  
  31  3:16  Probe  
  33  3:21  Oracle (Chrono Boost)  
  33  3:28  Probe  
  34  3:40  Probe  
  35  3:45  Nexus  
  35  3:52  Probe  
  36  4:00  Oracle (Chrono Boost)  
  39  4:11  Probe  
  38  4:18  Pylon  
  38  4:23  Probe  
  39  4:31  Pylon  
  39  4:36  Probe (Chrono Boost)  
  40  4:40  Adept  
  40  4:41  Adept  
  44  4:48  Probe (Chrono Boost)  
  45  4:57  Robotics Facility  
  45  4:59  Probe (Chrono Boost)  
  46  5:03  Probe (Chrono Boost)  
  44  5:09  Probe (Chrono Boost)  
  44  5:10  Sentry  
  44  5:11  Sentry  
  44  5:13  Probe (Chrono Boost)  
  50  5:20  Probe (Chrono Boost)  
  51  5:24  Probe (Chrono Boost)  
  48  5:30  Probe (Chrono Boost)  
  48  5:34  Probe (Chrono Boost)  
  46  5:38  Stalker x2  
  46  5:41  Probe (Chrono Boost), Phoenix  
  53  5:45  Observer, Probe (Chrono Boost)  
  55  5:51  Probe (Chrono Boost)  
  55  5:54  Assimilator  
  57  6:00  Twilight Council  
  58  6:05  Stalker  
  58  6:10  Probe x2 (Chrono Boost)  
  58  6:19  Assimilator  
  58  6:20  Probe x2 (Chrono Boost)  
  58  6:22  Blink  
  60  6:31  Probe (Chrono Boost)  
  61  6:36  Probe (Chrono Boost)  
  62  6:41  Probe (Chrono Boost)  
  62  6:44  Pylon  
  63  6:48  Immortal (Chrono Boost)  
  63  6:49  Probe  
  63  6:52  Pylon  
  63  6:53  Probe  
  69  6:58  Forge  
  69  7:01  Probe  
  70  7:05  Probe  
  71  7:13  Probe  
  72  7:17  Nexus  
  72  7:20  Pylon  
  72  7:34  Gateway  
  72  7:35  Gateway  
  72  7:38  Gateway  
  72  7:39  Gateway  
  72  7:42  Protoss Ground Weapons Level 1 (Chrono Boost)  
  72  7:51  Immortal  
  72  7:56  Phoenix  
  78  7:59  Stalker  
  78  8:02  Probe x2  
  82  8:06  Pylon  
  82  8:17  Probe x2  
  84  8:22  Phoenix (Chrono Boost)  
  84  8:25  Immortal  
  86  8:27  Probe  
  86  8:30  Probe x2  
  93  8:35  Resonating Glaives  
  93  8:38  Probe  
  91  8:43  Probe x2  
  91  8:45  Phoenix (Chrono Boost)  
  95  8:48  Probe  
  95  8:54  Templar Archives  
  97  8:55  Probe x2  
  97  8:59  Probe, Pylon  
  97  9:00  Stalker  
  97  9:01  Pylon  
  97  9:02  Stalker  
  103  9:07  Assimilator  
  103  9:09  Assimilator  
  97  9:24  Stalker x4  
  97  9:25  Stalker, Warp Prism  
  109  9:32  Phoenix (Chrono Boost)  
  111  9:48  Gateway x2, Pylon  
  111  9:53  High Templar x4  
  111  9:54  Adept  
  121  10:01  Archon  
  121  10:03  Archon  
  121  10:10  Stalker  
  123  10:15  Pylon  
  123  10:16  Pylon  
  123  10:25  Adept x5  
  133  10:33  Immortal  
  133  10:35  Gateway  
  133  10:38  Gateway, Pylon  
  137  10:46  Nexus  
  135  10:57  High Templar x4, Adept  
  135  10:58  Adept x2  
  135  11:01  Archon x2  
  149  11:07  Immortal  
  149  11:18  Zealot, High Templar x2  
  157  11:21  Pylon  
  157  11:24  Pylon  
  157  11:25  Archon  
  159  11:45  Adept x4  
  159  11:46  Stalker x2  

Tags
 
Add a new tag
Caveats
  • Supply blocks, unpowered buildings, or Contaminate may cause inaccurate times.
  • Supply counts are checked every 10 seconds.